 Dungeon Crawl Stone Soup version 0.31-a0-833-gc15d34cb79 (webtiles) character file.

Game seed: 18299220547203597684

2284 TheScarfBastard the Poker (level 9, -14/77 HPs)
             Began as a Purple Draconian Berserker on Sept 26, 2023.
             Was a Priest of Trog.
             Demolished by a boulder beetle (28 damage)
             ... on level 7 of the Dungeon.
             The game lasted 00:16:14 (4953 turns).

TheScarfBastard the Poker (DrBe)                    Turns: 4953, Time: 00:16:14

Health: -14/77     AC: 10    Str: 24    XL:     9   Next: 17%
Magic:  9/9        EV: 13    Int:  8    God:    Trog [***...]
Gold:   63         SH:  0    Dex: 10    Spells: 8/8 levels left

rFire   . . .        z - +1 executioner's axe
rCold   . . .        (shield currently unavailable)
rNeg    + . .        (body armour unavailable)
rPois   .            (helmet restricted)
rElec   .            (no cloak)
rCorr   .            h - +0 pair of gloves
SInv    +            i - +1 pair of boots
Will    +....        (no amulet)
Stlth   ++           q - ring of see invisible
HPRegen 0.32/turn    s - ring of positive energy
MPRegen 0.11/turn

%: no passive effects
@: on berserk cooldown, slowed, very slow
A: breathe power, AC +7, unfitting armour, cold-blooded
a: Breathe Dispelling Energy, Renounce Religion, Berserk, Trog's Hand


You were on level 7 of the Dungeon.
You worshipped Trog.
Trog was most pleased with you.
You visited 1 branch of the dungeon, and saw 7 of its levels.

You collected 337 gold pieces.
You spent 274 gold pieces at shops.

Inventory:

Hand Weapons
 a - a +2 hand axe
 e - a +1 dagger of pain
 f - the +0 trident of Generosity {freeze, rN+ Str+4 SInv}
   (You found it on level 2 of the Dungeon)

   Str+4:     It affects your strength (+4).
   rN+:       It protects you from negative energy.
   SInv:      It lets you see invisible.
 o - the +6 dagger "Qebareop" {pain, Str+3 Stlth+}
   (You found it on level 4 of the Dungeon)

   Str+3:     It affects your strength (+3).
   Stlth+:    It makes you more stealthy.
 p - a +0 battleaxe
 u - the +8 spear "Xyinlym" {freeze, Fly Str+3}
   (You found it on level 5 of the Dungeon)

   Str+3:     It affects your strength (+3).
   Fly:       It grants you flight.
 x - a +3 battleaxe
 y - a +5 long sword
 z - a +1 executioner's axe (weapon)
Missiles
 B - 2 throwing nets
Armour
 h - a +0 pair of gloves (worn)
 i - a +1 pair of boots (worn)
Jewellery
 n - a ring of see invisible
 q - a ring of see invisible (left hand)
 s - a ring of positive energy (right hand)
Wands
 A - a wand of roots (6)
Scrolls
 l - a scroll of poison
 m - a scroll of teleportation
Potions
 b - 2 potions of enlightenment
 c - 2 potions of invisibility
 d - 3 potions of might
 g - a potion of cancellation {unknown}
 j - 5 potions of curing
 k - a potion of resistance {unknown}
 r - a potion of brilliance {unknown}
 t - 2 potions of degeneration
 v - a potion of heal wounds {unknown}
 w - a potion of attraction


   Skills:
 + Level 6.3 Fighting
 + Level 5.6(7.4) Axes
 + Level 7.4(8.3) Polearms
 + Level 5.8 Dodging
 + Level 3.2 Stealth


You had 8 spell levels left.
You didn't know any spells.
Your spell library was empty.

Dungeon Overview and Level Annotations

Branches:
Dungeon (7/15)             Temple (0/1) D:5

Altars:
Ashenzari
Okawaru
Uskayaw

Shops:
D:6 *

Annotations:
D:2 Natasha


Innate Abilities, Weirdness & Mutations

You can breathe bolts of dispelling energy.
Your rich purple scales are hard. (AC +7)
You cannot fit into any form of body armour.
You are cold-blooded and may be slowed by cold attacks.


Message History

You slash the boulder beetle! You tail-slap the boulder beetle.
The boulder beetle is heavily wounded.
You closely miss the hound. The hound closely misses you.
The boulder beetle bites you!
You slash the boulder beetle!
The boulder beetle is severely wounded.
You barely miss the hound. The hound barely misses you.
The boulder beetle bites you but does no damage.
The hound barely misses you.
You hit the boulder beetle but do no damage.
The boulder beetle is severely wounded.
You barely miss the hound. The hound bites you but does no damage.
The boulder beetle bites you!!
* * * LOW HITPOINT WARNING * * *
You hit the boulder beetle.
The boulder beetle is severely wounded.
You closely miss the hound. The hound bites you.
* * * LOW HITPOINT WARNING * * *
The boulder beetle bites you!
* * * LOW HITPOINT WARNING * * *
You barely miss the hound. You hit the boulder beetle.
The hound bites you but does no damage. x2; The boulder beetle leaps!
You slash the hound!
The hound is severely wounded.
The hound closely misses you.
You barely miss the hound.
The hound is severely wounded.
The hound bites you but does no damage. x2
You slice the hound!!
You kill the hound!
Trog accepts your kill.
You are no longer berserk.
You are exhausted.
You feel yourself slow down.
The boulder beetle curls into a ball and begins rolling!
You hit the boulder beetle but do no damage.
The boulder beetle is severely wounded.
You have got your breath back.
The boulder beetle hits you!!
You die...

#....).......))).#
#.##############.#
#.# #.. ###### #.#
### #.....##.# .
#....# # # #....#
... # #....##.....
#.## #.###@B°....#
#... #.#
#..#####.# .....
## #..>. .....
.....$# ####.
###..... ...
##..##. ###. ##..
. ... ..# # ..# ..


You could see a boulder beetle (rolling).

Vanquished Creatures
  Pikel (D:6)
  An unseen horror (D:5)
  2 water moccasins (D:6)
  2 black bears
  An ogre (D:5)
  A phantom (D:4)
  A lemure (D:6)
  2 scorpions (D:6)
  3 wights (D:6)
  A howler monkey (D:5)
  3 jellies
  A gnoll bouda (D:7)
  3 hounds
  A sleepcap (D:6)
  3 iguanas
  Natasha (twice) (D:2)
  An orc wizard (D:6)
  3 hound zombies (D:4)
  9 gnolls
  4 adders
  A hound simulacrum (D:4)
  A shadow imp (D:6)
  2 white imps (D:6)
  An adder zombie (D:4)
  3 worms
  3 dart slugs
  An orc (D:4)
  4 bats
  9 endoplasms
  2 giant cockroaches
  5 goblins
  3 hobgoblins
  13 jackals
  6 kobolds
  6 quokkas
  5 ball pythons
  2 frilled lizards
  A quokka zombie (D:4)
  13 rats
126 creatures vanquished.

Notes
Turn   | Place    | Note
-------+----------+-------------------------------------------
     0 | D:1      | TheScarfBastard the Draconian Berserker began the quest for
                  | the Orb.
     0 | D:1      | Reached XP level 1. HP: 19/19 MP: 1/1
   163 | D:1      | Reached XP level 2. HP: 26/27 MP: 2/2
   454 | D:1      | Reached XP level 3. HP: 31/33 MP: 3/3
   457 | D:1      | Reached ** piety under Trog
   841 | D:2      | Found a broken altar of Ashenzari.
   849 | D:2      | Identified the +0 trident of Generosity {freeze, rN+ Str+4
                  | SInv}
   994 | D:2      | Noticed Natasha
  1001 | D:2      | Killed Natasha
  1002 | D:2      | Reached XP level 4. HP: 25/40 MP: 4/4
  1266 | D:2      | Noticed Natasha
  1274 | D:2      | Killed Natasha
  1438 | D:2      | Noticed Natasha
  1625 | D:3      | Reached XP level 5. HP: 32/47 MP: 5/5
  1874 | D:3      | Reached skill level 1 in Polearms
  2323 | D:4      | Reached *** piety under Trog
  2514 | D:4      | Reached skill level 2 in Polearms
  2544 | D:4      | Reached XP level 6. HP: 52/53 MP: 6/6
  2967 | D:4      | Reached skill level 3 in Polearms
  2967 | D:4      | Reached skill level 1 in Stealth
  3000 | D:4      | Identified the +6 dagger "Qebareop" {pain, Str+3 Stlth+}
  3021 | D:5      | Entered Level 5 of the Dungeon
  3191 | D:5      | Reached skill level 5 in Fighting
  3191 | D:5      | Reached skill level 4 in Polearms
  3191 | D:5      | Your scales start taking on a rich purple colour.
  3191 | D:5      | Reached XP level 7. HP: 53/61 MP: 7/7
  3225 | D:5      | Identified the +8 spear "Xyinlym" {freeze, Fly Str+3}
  3447 | D:5      | Found a staircase to the Ecumenical Temple.
  3474 | D:5      | Noticed an unseen horror
  3480 | D:5      | Killed an unseen horror
  3481 | D:5      | Reached skill level 5 in Polearms
  3611 | D:5      | Reached XP level 8. HP: 48/69 MP: 8/8
  4092 | D:6      | Found a hide-covered altar of Uskayaw.
  4120 | D:6      | Reached skill level 6 in Polearms
  4120 | D:6      | Reached skill level 5 in Dodging
  4261 | D:6      | Noticed Pikel
  4276 | D:6      | Killed Pikel
  4277 | D:6      | Reached skill level 7 in Polearms
  4289 | D:6      | Found Emiept's Eclectic Emporium.
  4302 | D:6      | Bought a scroll of enchant armour for 82 gold pieces
  4302 | D:6      | Bought a scroll of enchant weapon for 82 gold pieces
  4302 | D:6      | Bought a +0 executioner's axe for 110 gold pieces
  4399 | D:6      | Reached skill level 5 in Axes
  4475 | D:6      | Reached XP level 9. HP: 75/75 MP: 9/9
  4624 | D:6      | Found an iron altar of Okawaru.
  4932 | D:7      | Noticed a boulder beetle
  4953 | D:7      | Demolished by a boulder beetle

Illustrated notes

Levels and vault maps discovered:
D:1:      nicolae_arrival_somewhat_less_tricky_arrival, layout_rooms,
          amethyst_killhole
D:2:      minmay_angry_zag, layout_rooms, basic_altar, chequers_mini_garden,
          uniq_natasha
D:3:      layout_rooms, hangedman_abyss_or_decor_stabs
D:4:      layout_basic, dilly_guarded_unrand_morg
D:5:      layout_gridville, minmay_temple_entry_from_below_a, serial_glass,
          glass_columns_a, glass_columns_b
D:6:      layout_gridville, marbit_many_paths, nicolae_overflow_crystal_walls,
          nicolae_alphabet_shops, uniq_pikel
D:7:      layout_basic, lemuel_round_altar, kb_rosetta

Skill      XL: |  1  2  3  4  5  6  7  8 |
---------------+-------------------------+-----
Dodging        | 3 4 5 |  5.8
Fighting       | 4 5 6 |  6.3
Axes           | 4 5 |  5.6
Polearms       | 2 4 5 7 |  7.4
Stealth        | 1 2 3 |  3.2

Action                     |  1- 3 |  4- 6 |  7- 9 || total
---------------------------+-------+-------+-------++-------
  Melee: Hand axe          |   106 |       |       ||   106
         Tailslap          |    12 |    20 |    15 ||    47
         Trident           |     7 |   128 |       ||   135
         Punch             |     1 |       |       ||     1
         Battleaxe         |       |    15 |       ||    15
         Spear             |       |       |    53 ||    53
         Executioner's axe |       |       |    48 ||    48
 Invoke: Berserk           |     1 |     3 |     5 ||     9
Ability: Breathe Dispellin |       |       |     4 ||     4
    Use: Scroll            |     3 |    10 |     6 ||    19
   Stab: Distracted        |       |       |     1 ||     1
         Sleeping          |       |       |     2 ||     2
 Armour: Skin              |    66 |   113 |    72 ||   251
  Dodge: Dodged            |    92 |   140 |    74 ||   306

Table legend: (Time is in decaauts)
 A = Elapsed time spent in this place.
 B = Non-inter-level travel time spent in this place.
 C = Inter-level travel time spent in this place.
 D = Time resting spent in this place.
 E = Time spent auto-exploring this place.
 F = Levels seen in this place.
 G = Mean time per level.
                   A        B        C        D        E       F      G
               +--------+--------+--------+--------+--------+-----+--------+
         Total |   5087 |   4849 |    238 |      0 |   3109 |   7 |  726.7 |
       Dungeon |   5087 |   4849 |    238 |      0 |   3109 |   7 |  726.7 |
               +--------+--------+--------+--------+--------+-----+--------+

Top non-repeatable levels by time:
     D:5: 1063 daAuts
     D:1: 809 daAuts
     D:4: 805 daAuts
     D:6: 794 daAuts
     D:2: 776 daAuts
     D:3: 722 daAuts
     D:7: 114 daAuts
